 Dungeon Crawl Stone Soup version 0.31-a0-940-gdaa99269f9 (webtiles) character file.

Game seed: 7982953730308107466

6266 mortress the Mimic (level 10, -2/84 HPs)
             Began as a Red Draconian Shapeshifter on Oct 20, 2023.
             Was a Believer of Fedhas.
             Slain by a freezing wraith (9 damage)
             ... on level 9 of the Dungeon.
             The game lasted 00:30:35 (9874 turns).

mortress the Mimic (Red Draconian Shapeshifter)     Turns: 9874, Time: 00:30:36

Health: -2/84      AC: 11    Str: 20    XL:     10   Next: 62%
Magic:  11/14      EV: 14    Int: 10    God:    Fedhas [**....]
Gold:   197        SH:  0    Dex: 12    Spells: 9/13 levels left

rFire   . .          .
                       - Unarmed
rCold   + . .        (no shield)
rNeg    . . .        (body armour unavailable)
rPois   .            (helmet currently unavailable)
rElec   .            (cloak currently unavailable)
rCorr   .            (gloves currently unavailable)
SInv    .            (boots currently unavailable)
Will    .....        o - amulet of magic regeneration
Stlth   +            u - +4 ring of protection
HPRegen 0.34/turn    v - ring of ice
MPRegen 0.54/turn

%: no passive effects
@: short of breath, beast-form, very slightly contaminated, slowed, very slow
A: beast (slay +4), breathe fire, AC +7, unfitting armour, fire resistance 1,
cold-blooded
a: Breathe Fire, Begin Untransformation, Renounce Religion, Wall of Briars


You were on level 9 of the Dungeon.
You worshipped Fedhas.
Fedhas was pleased with you.
You were a hulking beast.
You visited 2 branches of the dungeon, and saw 10 of its levels.

You collected 297 gold pieces.
You spent 100 gold pieces at shops.

Inventory:

Missiles
 h - 11 poisoned darts
 z - a throwing net
Jewellery
 o - an amulet of magic regeneration (around neck)
 u - a +4 ring of protection (left hand)
 v - a ring of ice (right hand)
Talismans
 b - a beast talisman (active)
 c - a flux talisman
Wands
 a - a wand of charming (9)
 m - a wand of mindburst (34)
 y - a wand of iceblast (10)
 C - a wand of polymorph (12)
Scrolls
 g - 3 scrolls of noise
 k - 4 scrolls of amnesia
 l - 2 scrolls of vulnerability {unknown}
 s - 2 scrolls of revelation {unknown}
 t - a scroll of poison {unknown}
 B - 2 scrolls of identify
 D - a scroll of immolation {unknown}
Potions
 d - a potion of brilliance
 e - a potion of berserk rage {unknown}
 f - 2 potions of heal wounds {unknown}
 i - 3 potions of curing
 j - a potion of haste
 n - a potion of cancellation
 p - 2 potions of enlightenment
 q - a potion of might {unknown}
 r - a potion of resistance {unknown}
 w - 2 potions of attraction {unknown}
 x - 2 potions of invisibility {unknown}
 A - a potion of degeneration {unknown}


   Skills:
 + Level 6.6 Fighting
 + Level 5.7 Dodging
 + Level 6.7 Unarmed Combat
 + Level 2.3 Spellcasting
 + Level 4.5 Conjurations
 + Level 5.3 Fire Magic
 + Level 5.8 Invocations
 * Level 8.3 Shapeshifting


You had 9 spell levels left.
You knew the following spells:

 Your Spells              Type           Power      Damage    Failure   Level
a - Sticky Flame          Conj/Fire      11%        2d3       36%         4

Your spell library contained the following spells:

 Spells                   Type           Power      Damage    Failure   Level
 Necrotise                Necr           4%         1d4       30%         1
 Ignite Poison            Fire/Tmut/Pois 4%         N/A       41%         3
 Ignition                 Fire           5%         3d4       100%        8


Dungeon Overview and Level Annotations

Branches:
Dungeon (9/15)             Temple (1/1) D:4
   Lair: D:8-11         Orc: D:9-12

Altars:
Ashenzari
Dithmenos
Elyvilon
Fedhas
Gozag
Hepliaklqana
Kikubaaqudgha
Makhleb
Okawaru
Qazlal
Sif Muna
Trog
Uskayaw
Vehumet
Wu Jian
Xom
Yredelemnul
Zin
The Shining One

Shops:
D:2 (=[   D:5 =![   D:8 [

Annotations:
D:4 Edmund
D:6 1 runed translucent door, randomguy2701's ghost, novice GnWn
D:8 1 runed translucent door, jasper's ghost, novice OgCA


Innate Abilities, Weirdness & Mutations

You are a hulking beast.
Your limbs bulge with bestial killing power. (Slay +4)
You can breathe blasts of fire.
Your fiery red scales are hard. (AC +7)
You cannot fit into any form of body armour.
Your flesh is heat resistant. (rF+)
You are cold-blooded and may be slowed by cold attacks.


Message History

You feel as though you will be slow longer.
You hit the freezing wraith but do no damage.
You tail-slap the freezing wraith, but do no damage.
The freezing wraith is moderately damaged.
The freezing wraith hits you! The freezing wraith freezes you! You resist.
* * * LOW HITPOINT WARNING * * *
The freezing wraith closely misses you.
Unknown command.
Okay, then.
Unknown command.
Casting: Sticky Flame (dangerous; 36% risk of failure)
Confirm with . or Enter, or press ? or * to list all spells.
Okay, then.
Unknown command.
Casting: Sticky Flame (dangerous; 36% risk of failure)
Confirm with . or Enter, or press ? or * to list all spells.
Aiming: Sticky Flame (dangerous; 36% risk of failure)
Press: ? - help, Shift-Dir - straight line, f - freezing wraith
Aim: a freezing wraith (moderately damaged, unstickable)
You miscast Sticky Flame.
You are very lightly contaminated with residual magic.
Heat runs through your body!
* * * LOW HITPOINT WARNING * * *
The freezing wraith hits you but does no damage. x2
Casting: Sticky Flame (dangerous; 36% risk of failure)
Confirm with . or Enter, or press ? or * to list all spells.
Okay, then.
Unknown command.
Okay, then.
Unknown command.
Press: ? - help, v - describe, . - travel
Here: a freezing wraith (lightly damaged)
The floor.
Unknown command.
You feel better.
The freezing wraith barely misses you. x2
The freezing wraith hits you!
* * * LOW HITPOINT WARNING * * *
The freezing wraith freezes you! You resist.
You die...
Fedhas appreciates your contribution to the ecosystem.

..#........#.# .#
..#.......##$# #.
.<#.....#..######V ##
.†#.....#...##[.. ..
..#.....#....#### V#
..#.....#.....#.##o##.#.
..#######......V.'†#....
.†.............W##)##...
...............oh# #
..................#
....................
......................
#.....####......####..#
....... #......# #.#
P.l...P. #.>....# ...
....... ..


You could see a freezing wraith, a vampire and an orc warrior.

Vanquished Creatures
  A death knight (D:8)
  A salamander (shapeshifter) (D:8)
  Maggie (D:7)
  Psyche (D:8)
  2 hornets (D:9)
  Grinder (D:5)
  A wraith (D:8)
  A wyvern (D:9)
  A vampire mosquito (D:9)
  Menkaure (D:6)
  An acid dragon (D:5)
  An ice beast (D:8)
  2 orc warriors (D:6)
  3 sky beasts
  2 black bears (D:9)
  2 centaurs
  4 ogres
  2 phantoms (D:5)
  A kobold brigand (D:9)
  A bullfrog (D:6)
  4 wights (D:8)
  4 scorpions
  2 howler monkeys
  3 hounds
  A gnoll bouda (D:6)
  4 orc priests (D:4)
  Crazy Yiuf (D:3)
  4 iguanas
  Ijyb (D:5)
  8 orc wizards
  2 gnolls (D:6)
  7 adders
  A shadow imp (D:7)
  2 white imps
  A worm (D:3)
  3 dart slugs
  11 orcs
  6 endoplasms
  5 goblins
  7 hobgoblins
  7 jackals
  6 quokkas
  5 ball pythons
  6 bats
  9 frilled lizards
  11 kobolds
  6 rats
157 creatures vanquished.

Vanquished Creatures (collateral kills)
  A steam dragon (D:7)
  2 orc warriors (D:7)
  An ice beast (D:7)
  A kobold brigand (D:7)
  A bullfrog (D:7)
  A wight (D:8)
  A hound (D:7)
  3 orc wizards (D:7)
  2 gnolls (D:6)
  A white imp (D:8)
  2 orcs (D:7)
  5 kobolds (D:7)
21 creatures vanquished.

Vanquished Creatures (others)
  A sleepcap (D:6)
  A white imp (D:6)
  An orc (D:7)
  A quokka (D:4)
4 creatures vanquished.

Grand Total: 182 creatures vanquished

Notes
Turn   | Place    | Note
-------+----------+-------------------------------------------
     0 | D:1      | mortress the Draconian Shapeshifter began the quest for the
                  | Orb.
     0 | D:1      | Reached XP level 1. HP: 16/16 MP: 1/1
   165 | D:1      | Reached XP level 2. HP: 23/23 MP: 2/2
   251 | D:1      | Found a faded altar of an unknown god.
   844 | D:2      | Reached XP level 3. HP: 21/29 MP: 3/3
  1027 | D:2      | Found Etroraf's Jewellery Shoppe.
  1275 | D:2      | Found Ynicusun's Weapon Emporium.
  1351 | D:2      | Found Raximerr's Antique Armour Shop.
  1566 | D:3      | Reached XP level 4. HP: 36/36 MP: 4/4
  1627 | D:3      | Found a basalt altar of Yredelemnul.
  2171 | D:3      | Found a runed translucent door.
  2172 | D:3      | Noticed Crazy Yiuf
  2181 | D:3      | Killed Crazy Yiuf
  2330 | D:4      | Found a white marble altar of Elyvilon.
  2369 | D:4      | Found a staircase to the Ecumenical Temple.
  2375 | Temple   | Entered the Ecumenical Temple
  2389 | Temple   | Became a worshipper of Fedhas Madash
  2479 | D:4      | Noticed Edmund
  2483 | D:4      | Noticed a scorpion
  2520 | D:4      | Killed a scorpion
  2521 | D:4      | Reached skill level 4 in Shapeshifting
  2521 | D:4      | Reached XP level 5. HP: 29/42 MP: 5/5
  2665 | D:4      | Reached skill level 1 in Invocations
  2895 | D:4      | Reached XP level 6. HP: 36/50 MP: 5/7
  3043 | D:4      | Reached * piety under Fedhas
  3352 | D:5      | Entered Level 5 of the Dungeon
  3414 | D:5      | Noticed Grinder
  3468 | D:5      | Found Duvvob's Armour Emporium.
  3498 | D:5      | Reached skill level 5 in Shapeshifting
  3498 | D:5      | Your scales start taking on a fiery red colour.
  3498 | D:5      | Reached XP level 7. HP: 43/57 MP: 8/8
  3498 | D:5      | Gained mutation: Your flesh is heat resistant. (rF+) [Red
                  | Draconian growth]
  3758 | D:5      | Learned a level 4 spell: Sticky Flame
  3799 | D:5      | Found an iron altar of Okawaru.
  3839 | D:5      | Reached skill level 1 in Fire Magic
  3878 | D:5      | Reached skill level 1 in Conjurations
  3879 | D:5      | Noticed Ijyb
  3912 | D:5      | Killed Ijyb
  3913 | D:5      | Reached XP level 8. HP: 29/66 MP: 10/10
  3957 | D:5      | Paralysed by Grinder for 5 turns
  3964 | D:5      | Killed Grinder
  4113 | D:5      | Found Istreej's Distillery.
  4118 | D:5      | Bought a potion of haste for 100 gold pieces
  4122 | D:5      | Found Qoxkywk's Jewellery Shop.
  4155 | D:5      | Found a shimmering altar of Xom.
  4305 | D:5      | Reached skill level 6 in Shapeshifting
  4474 | D:5      | Reached skill level 5 in Unarmed Combat
  4624 | D:5      | Found a burning altar of Makhleb.
  4625 | D:5      | Found a bloodstained altar of Trog.
  4628 | D:5      | Found a hazy altar of Hepliaklqana.
  5059 | D:6      | Identified the "Cuwk"
  5059 | D:6      | Identified the "Tuseon"
  5322 | D:6      | Found a runed translucent door.
  5325 | D:6      | Noticed randomguy2701's ghost (novice GnWn)
  5453 | D:6      | Noticed Menkaure
  5460 | D:6      | Killed Menkaure
  5601 | D:6      | Found a radiant altar of Vehumet.
  5640 | D:6      | Found an ancient bone altar of Kikubaaqudgha.
  5664 | D:6      | Found a shimmering blue altar of Sif Muna.
  5694 | D:6      | Reached ** piety under Fedhas
  5784 | D:6      | Reached XP level 9. HP: 54/73 MP: 12/12
  6116 | D:6      | Reached skill level 5 in Fighting
  6412 | D:7      | Found a stormy altar of Qazlal.
  6438 | D:7      | Reached skill level 7 in Shapeshifting
  6525 | D:7      | Noticed Maggie
  6547 | D:7      | Killed Maggie
  6548 | D:7      | Reached skill level 5 in Dodging
  7293 | D:8      | Noticed a fire crab
  7306 | D:8      | a fire crab changed into a wind drake
  7306 | D:8      | Noticed a wind drake (shapeshifter)
  7307 | D:8      | a wind drake changed into a salamander
  7307 | D:8      | Noticed a salamander (shapeshifter)
  7313 | D:8      | Killed a salamander
  7314 | D:8      | Reached skill level 1 in Spellcasting
  7314 | D:8      | Reached skill level 5 in Invocations
  7616 | D:8      | Reached XP level 10. HP: 54/83 MP: 13/13
  7762 | D:8      | Found Hiepnu's Armour Shoppe.
  7846 | D:8      | Found a runed translucent door.
  7849 | D:8      | Noticed jasper's ghost (novice OgCA)
  7850 | D:8      | Identified the +6 spear of Oczup {freeze, rC+ rN+ Int-3
                  | SInv}
  8080 | D:8      | Noticed a boulder beetle
  8087 | D:8      | Noticed a death knight
  8803 | D:8      | Killed a death knight
  9088 | D:8      | Noticed Psyche
  9094 | D:8      | Killed Psyche
  9095 | D:8      | Reached skill level 8 in Shapeshifting
  9327 | D:8      | Reached skill level 5 in Fire Magic
  9485 | D:9      | Paralysed by a hornet for 1 turns
  9874 | D:9      | Slain by a freezing wraith

Illustrated notes

Levels and vault maps discovered:
D:1:      mrwooster_arrival_statue_2, layout_loops_ring,
          dreamdust_ecumenical_altar_hidden_monk_grotto
D:2:      layout_basic, serial_shops, shop_statue, shop, shop
D:3:      layout_basic, yredelemnul_altar_generic, uniq_crazy_yiuf_cottage
D:4:      layout_basic, elyvilon_altar_4, minmay_temple_entry_gardened_gates,
          hangedman_glass_teeth, uniq_edmund
D:5:      layout_basic, mainiacjoe_overflow_catwalk,
          nicolae_overflow_hidden_temple, serial_shops, nicolae_diamond_shop,
          nicolae_square_shop, shop, minmay_bent, uniq_grinder, uniq_ijyb
D:6:      layout_basic, palyth_temple_overflow_mages,
          ebering_ghost_reflecting_pool, minmay_lizard_king, uniq_menkaure
D:7:      layout_cave_pools, nicolae_qazlal_general_emergency, uniq_maggie
D:8:      layout_loops_ring, ebering_ghost_funeral_grove,
          nicolae_inconvenience_store, minmay_misc_feat_ornament, kb_rosetta,
          uniq_psyche
D:9:      layout_irregular_city, lemuel_round_altar, david_lair_generic,
          orc_0_dummy, gammafunk_ghost_spectres,
          minmay_fractal_squares_gapless_7
Temple:   hellmonk_temple_rainy

Skill      XL: |  1  2  3  4  5  6  7  8  9 10 |
---------------+-------------------------------+-----
Dodging        | 2 3 4 5 |  5.7
Fighting       | 2 3 4 6 |  6.6
Shapeshifting  | 4 5 6 7 8 |  8.3
Invocations    | 1 2 3 4 5 |  5.8
Unarmed Combat | 4 5 6 |  6.7
Fire Magic     | 1 3 4 5 |  5.3
Conjurations   | 1 2 3 4 |  4.5
Spellcasting   | 1 2 |  2.3

Action                     |  1- 3 |  4- 6 |  7- 9 | 10-12 || total
---------------------------+-------+-------+-------+-------++-------
  Melee: Unarmed           |    93 |   141 |   267 |    72 ||   573
         Tailslap          |    11 |    19 |    35 |    13 ||    78
         Punch             |     2 |     3 |     4 |     4 ||    13
 Invoke: Wall of Briars    |       |       |     5 |     9 ||    14
Ability: Breathe Fire      |       |       |    15 |    15 ||    30
  Evoke: Wand              |       |       |     9 |     4 ||    13
    Use: Scroll            |       |       |     7 |       ||     7
         Potion            |       |       |     3 |     1 ||     4
   Stab: Sleeping          |     2 |     1 |     1 |       ||     4
         Distracted        |     1 |       |       |       ||     1
 Armour: Skin              |    37 |    72 |   203 |    81 ||   393
  Dodge: Dodged            |    60 |    79 |   162 |    55 ||   356

Table legend: (Time is in decaauts)
 A = Elapsed time spent in this place.
 B = Non-inter-level travel time spent in this place.
 C = Inter-level travel time spent in this place.
 D = Time resting spent in this place.
 E = Time spent auto-exploring this place.
 F = Levels seen in this place.
 G = Mean time per level.
                   A        B        C        D        E       F      G
               +--------+--------+--------+--------+--------+-----+--------+
         Total |   9853 |   9509 |    344 |    673 |   6912 |  10 |  985.3 |
       Dungeon |   9830 |   9492 |    338 |    673 |   6912 |   9 | 1092.2 |
        Temple |     22 |     16 |      6 |      0 |      0 |   1 |   22.0 |
               +--------+--------+--------+--------+--------+-----+--------+

Top non-repeatable levels by time:
     D:8: 1959 daAuts
     D:5: 1655 daAuts
     D:6: 1603 daAuts
     D:4: 1032 daAuts
     D:7: 852 daAuts
     D:3: 842 daAuts
     D:1: 830 daAuts
     D:2: 652 daAuts
     D:9: 400 daAuts
  Temple: 22 daAuts
